 Dungeon Crawl Stone Soup version 0.26.1-10-gdfb7c7de75 (webtiles) character file.

Game seed: 6374570802414970858

54 manyhoops the Ruffian (level 3, -2/31 HPs)
             Began as a Palentonga Transmuter on Apr 2, 2021.
             Slain by a gnoll
             ... wielding a +0 whip
              (7 damage)
             ... on level 2 of the Dungeon.
             The game lasted 00:01:56 (1251 turns).

manyhoops the Ruffian (Palentonga Transmuter)       Turns: 1251, Time: 00:01:56

Health: -2/31      AC:  4    Str: 14    XL:     3   Next: 66%
Magic:  5/6        EV:  6    Int: 13    God:
Gold:   105        SH:  0    Dex: 10    Spells: 5/6 levels left

rFire    . . .     SeeInvis +     - Unarmed
rCold    . . .     Faith    .   (no shield)
rNeg     . . .     Spirit   .   a - +0 robe
rPois    .         Reflect  .   (helmet currently unavailable)
rElec    .         Harm     .   (no cloak)
rCorr    .         Rampage  .   (no gloves)
Will     .....                  (no barding)
Stlth    +.........             c - amulet of the acrobat
HPRegen  0.10/turn              b - -4 ring of evasion (curse)
MPRegen  0.10/turn              (no ring)

@: appendages (expiring)
A: large, horns 2, talons 2, rugged brown scales 3, see invisible, deformed
body, roll 1, armoured tail
a: Rolling Charge, End Transformation


You were on level 2 of the Dungeon.
You had grown temporary horns.
You had grown temporary talons.
You visited 1 branch of the dungeon, and saw 2 of its levels.

You collected 105 gold pieces.

Inventory:

Armour
 a - a +0 robe (worn)
Jewellery
 b - a cursed -4 ring of evasion (left hand)
 c - an amulet of the acrobat (around neck)


   Skills:
 * Level 2.0 Fighting
 - Level 1.5 Dodging
 + Level 4.3 Unarmed Combat
 - Level 2.0 Spellcasting
 - Level 2.0 Transmutations


You had 5 spell levels left.
You knew the following spells:

 Your Spells              Type           Power        Failure   Level
a - Beastly Appendage     Tmut           12%          11%         1

Your spell library contained the following spells:

 Spells                   Type           Power        Failure   Level
 Wereblood                Tmut           6%           17%         2
 Spider Form              Tmut/Pois      1%           45%         3
 Ice Form                 Ice/Tmut       3%           86%         4
 Blade Hands              Tmut           3%           97%         5


Dungeon Overview and Level Annotations

Branches:
Dungeon (2/15)

Altars:


Innate Abilities, Weirdness & Mutations

You are completely covered in rugged brown scales. (AC +3, +7% HP)
You have supernaturally acute eyesight. (SInv)
Armour fits poorly on your strangely shaped body.
You can roll at nearby foes to attack.
You have a long armoured tail.
You have a pair of horns on your head.
You have razor-sharp toenails.


Message History

The gnoll is lightly wounded.
The gnoll hits you with a +0 whip.
A gnoll comes into view. It is wielding a -1 halberd.
You hit the gnoll but do no damage. You claw the gnoll!
The gnoll is severely wounded.
The gnoll drinks a potion.
The gnoll is healed!
A gnoll comes into view. It is wielding a +0 whip.
The rat twitches its whiskers.
The gnoll blocks your attack.
Your tail-slap misses the gnoll.
The gnoll is moderately wounded.
The gnoll hits you with a +0 whip.
* * * LOW HITPOINT WARNING * * *
You closely miss the gnoll.
The gnoll is moderately wounded.
Your transformation is almost over.
The gnoll hits you but does no damage.
You hit the gnoll. You claw the gnoll.
The gnoll is severely wounded.
The gnoll hits you with a +0 whip!
You die...

......##.(##...###
#.# # ......
##†#........ #.# #
.....
#...#####..#####.# #
..r..
##.g#.#.#........###
....
#.g#.(.#.####......
....
#wg(.#.#..###......
#rb#...#...........
##g#.#.#.......####
#@#####.+.........
#.......#.....###.
#..######.....# #.
#..# #.....# #. ##>#
####### #. ### #. #.
##


You could see a worm, 4 gnolls, a bat and a rat.

Vanquished Creatures
  2 adders (D:2)
  5 dart slugs
  5 goblins (D:1)
  2 hobgoblins (D:1)
  A ball python (D:2)
  2 bats (D:2)
  3 frilled lizards
  5 kobolds
  4 rats (D:1)
29 creatures vanquished.

Notes
Turn   | Place    | Note
-------+----------+-------------------------------------------
     0 | D:1      | manyhoops the Palentonga Transmuter began the quest for the
                  | Orb.
     0 | D:1      | Reached XP level 1. HP: 17/17 MP: 3/3
   262 | D:1      | Reached XP level 2. HP: 24/24 MP: 5/5
   955 | D:2      | Reached XP level 3. HP: 31/31 MP: 6/6
   966 | D:2      | Reached skill level 4 in Unarmed Combat
  1251 | D:2      | Slain by a gnoll

Illustrated notes

Levels and vault maps discovered:
D:1:      amcnicky_arrival_flooded_fountain, layout_loops_cross
D:2:      layout_basic, overflow_temple_1_default, minmay_statues_item,
          minmay_split_cup_large

Skill      XL: |  1  2  3 |
---------------+----------+-----
Unarmed Combat | 4 |  4.3
Fighting       | 2 |  2.0
Dodging        | |  1.5
Spellcasting   | |  2.0
Transmutations | |  2.0

Action                   || total
-------------------------++-------
Melee: Unarmed           ||    80
       Tailslap          ||     7
       Kick              ||     5
       Headbutt          ||     1
 Cast: Beastly Appendage ||     4
 Abil: Rolling Charge    ||     8
  Use: Scroll            ||     2
 Stab: Sleeping          ||     1
Armor: Robe              ||    30
Dodge: Dodged            ||    36
